 Dungeon Crawl Stone Soup version 0.23.0-2-g0fe3ce5905 (webtiles) character file.

Game seed: 4258747215160224775

162 Forgol the Chopper (level 5, -1/47 HPs)
             Began as a Hill Orc Fighter on Feb 20, 2019.
             Slain by Grinder (4 damage)
             ... on level 3 of the Dungeon.
             The game lasted 00:05:20 (2925 turns).

Forgol the Chopper (Hill Orc Fighter)               Turns: 2925, Time: 00:05:21

Health: -1/47      AC:  8    Str: 20    XL:     5   Next: 43%
Magic:  5/5        EV:  7    Int:  8    God:
Gold:   70         SH:  9    Dex: 10    Spells: 4/4 levels left

rFire    . . .     SeeInvis .   a - +0 war axe
rCold    . . .     Gourm    .   c - +0 shield
rNeg     . . .     Faith    .   b - +0 scale mail
rPois    .         Spirit   .   j - +1 hat
rElec    .         Reflect  .   (no cloak)
rCorr    .         Harm     .   (no gloves)
MR       .....                  (no boots)
Stlth    ..........             (no amulet)
HPRegen  0.15/turn              (no ring)
MPRegen  0.09/turn              (no ring)

@: no status effects
A: no striking features
a: no special abilities


You were on level 3 of the Dungeon.
You were not hungry.

You visited 1 branch of the dungeon, and saw 3 of its levels.

You collected 70 gold pieces.

Inventory:

Hand Weapons
 a - a +0 war axe (weapon)
Armour
 b - a +0 scale mail (worn)
 c - a +0 shield (worn)
 i - a +0 pair of gloves
 j - a +1 hat (worn)
Jewellery
 k - a cursed -2 ring of evasion {unknown}
 l - an uncursed ring of protection from fire {unknown}
 o - an uncursed ring of see invisible {unknown}
Potions
 d - a potion of mutation {unknown}
 e - a potion of invisibility {unknown}
 h - a potion of agility {unknown}
Comestibles
 f - 3 rations
 n - 7 chunks of flesh


   Skills:
 + Level 4.5 Fighting
 * Level 5.1 Axes
 + Level 4.1 Armour
 + Level 4.1 Shields


You had 4 spell levels left.
You didn't know any spells.
Your spell library was empty.

Dungeon Overview and Level Annotations

Branches:
Dungeon (3/15)

Altars:
Dithmenos
Yredelemnul

Annotations:
D:3 Grinder


Message History

Grinder barely misses you. x2
You hit Grinder but do no damage.
Grinder is almost dead.
Grinder gestures at you. Pain shoots through your body!
* * * LOW HITPOINT WARNING * * *
Your shield prevents you from hitting Grinder.
Grinder is almost dead.
Grinder gestures at you.
You suddenly lose the ability to move!
Grinder gestures at you.
You barely resist.
You can move again.
You closely miss Grinder.
Grinder is almost dead.
Grinder gestures at you. You resist with significant effort.
Grinder says, "There's only one good use for a tongue: cutting it out."
Grinder hits you.
You die...

#........#.# #####
##...##.#..##
#...........##
#.#..##......#
#.#..###.#...# .
#..#####...# .
#..........#
#.#####.)5.# #.@..#
#....# #....#
#....#
##....########
#............##
##...####.#...##
##..###.###.#.####.
.#####.....##
##.......


You could see Grinder.

Vanquished Creatures
  Robin (D:2)
  6 adders
  4 worms
  A dart slug (D:2)
  3 leopard geckos
  5 orcs (D:3)
  4 giant cockroaches
  10 goblins
  12 hobgoblins
  2 jackals (D:2)
  8 kobolds
  2 ball pythons
  6 bats
  4 frilled lizards
  7 rats
75 creatures vanquished.

Notes
Turn   | Place    | Note
-------+----------+-------------------------------------------
     0 | D:1      | Forgol the Hill Orc Fighter began the quest for the Orb.
     0 | D:1      | Reached XP level 1. HP: 19/19 MP: 1/1
   108 | D:1      | Reached skill level 3 in Axes
   111 | D:1      | Reached XP level 2. HP: 14/27 MP: 2/2
   589 | D:1      | Reached XP level 3. HP: 30/33 MP: 3/3
   962 | D:2      | Reached skill level 4 in Axes
   962 | D:2      | Reached XP level 4. HP: 29/40 MP: 4/4
  1557 | D:2      | Noticed Robin
  1577 | D:2      | HP: 2/40 [goblin[Robin] (1)]
  1580 | D:2      | Killed Robin
  1979 | D:2      | Found a shadowy altar of Dithmenos.
  1980 | D:2      | Found a basalt altar of Yredelemnul.
  2157 | D:3      | Noticed Grinder
  2162 | D:3      | Paralysed by Grinder for 6 turns
  2560 | D:3      | Reached XP level 5. HP: 42/47 MP: 5/5
  2794 | D:3      | Reached skill level 5 in Axes
  2830 | D:3      | Paralysed by Grinder for 7 turns
  2871 | D:3      | Paralysed by Grinder for 7 turns
  2896 | D:3      | Paralysed by Grinder for 7 turns
  2904 | D:3      | Paralysed by Grinder for 2 turns
  2910 | D:3      | Paralysed by Grinder for 2 turns
  2923 | D:3      | Paralysed by Grinder for 2 turns
  2925 | D:3      | Slain by Grinder

Skill      XL: |  1  2  3  4  5 |
---------------+----------------+-----
Axes           | 3 4 5 |  5.1
Fighting       | 4 |  4.5
Armour         | 4 |  4.1
Shields        | 4 |  4.1

Action                   |  1- 3 |  4- 6 || total
-------------------------+-------+-------++-------
Melee: War axe           |   107 |   119 ||   226
  Use: Scroll            |     2 |     1 ||     3
       Potion            |       |     6 ||     6
  Eat: Chunk             |       |     3 ||     3
       Ration            |       |     1 ||     1
Armor: Scale mail        |    60 |    62 ||   122
Dodge: Dodged            |    30 |    30 ||    60
Block: Shield            |    54 |    57 ||   111
